AoeStats
← wgxseed

Arena

510287978Analyzed
1v1 RM · 2d ago on Sep 30, 2026· 38m 40s· 2 players
Game mode
Random Map
Map size
Tiny (2 player)
Population
200
Speed
Normal
Resources
Standard
Victory
Conquest
Starting age
Dark Age
Ending age
Imperial Age
RankedLock teamsTeams togetherTeam positionsShared explorationLock speedFull tech treeHidden civsTurbo modeCheats
Victory
Defeat
🇫🇷 Malay · France
1721
+17
🇹🇼 Britons · Taiwan
1747
-17
iFxrY
6:46 Loom
9:19 Feudal Age
9:56 Double-Bit Axe
12:54 Fletching
13:21 Town Watch
16:13 Horse Collar
20:01 Castle Age
18:50 Gold Mining
20:08 Bow Saw
24:23 Heavy Plow
27:30 Wheelbarrow
27:23 Stone Mining
30:13 Stone Shaft Mining
34:12 Imperial Age
31:54 Scale Barding Armor
33:13 Forging
33:20 Hand Cart
33:14 Husbandry
33:27 Elite Battle Elephant
34:42 Conscription
35:46 Iron Casting
35:08 Onager
37:54 Blast Furnace
38:04 Gold Shaft Mining
37:54 Capped Ram
38:39 Light Cavalry
wgxseed
9:34 Loom
11:50 Feudal Age
16:10 Castle Age
14:42 Fletching
17:43 Double-Bit Axe
33:23 Imperial Age
31:35 Wheelbarrow
31:42 Bodkin Arrow
34:02 Husbandry
34:08 Bracer
34:33 Hand Cart
34:41 Town Watch
34:53 Pikeman
36:26 Block Printing
37:19 Sanctity
38:01 Illumination
38:12 Theocracy
Connection lost

Rejoining the realm…

Still unreachable

The connection could not be restored.

Session expired

The server has moved on; the page needs a fresh start.